 Dungeon Crawl Stone Soup version 0.29.0-4-gdea44cf6ec (webtiles) character file.

Game seed: 311774423846727126

43968 qw the Peltast (level 13, -5/122 HPs)
             Began as a Minotaur Berserker on Sept 9, 2022.
             Was a Priest of Trog.
             Slain by a slime creature (15 damage)
             ... summoned by an orange crystal statue
             ... on level 10 of the Dungeon.
             The game lasted 00:06:39 (18776 turns).

qw the Peltast (Minotaur Berserker)                Turns: 18776, Time: 00:06:39

Health: -5/122     AC: 26    Str: 27      XL:     13   Next: 93%
Magic:  2/12       EV:  7    Int:  1 (10) God:    Trog [***...]
Gold:   1199       SH: 19    Dex: 10      Spells: 12/12 levels left

rFire   . . .      SeeInvis +   Y - +1 war axe (drain)
rCold   . . .      Faith    .   r - +0 tower shield
rNeg    . . .      Spirit   .   i - +3 plate armour
rPois   .          Reflect  .   (helmet restricted)
rElec   .          Harm     .   (no cloak)
rCorr   .          Rampage  inf g - +2 pair of gloves
Will    .....                   s - +3 pair of seven-league boots {Rampage+∞}
Stlth   ..........              (no amulet)
HPRegen 0.30/turn               p - +6 ring of intelligence
MPRegen 0.13/turn               n - ring of see invisible

@: about to teleport, on berserk cooldown, slowed, very slow
A: horns 2, retaliatory headbutt
a: Renounce Religion, Berserk, Trog's Hand


You were on level 10 of the Dungeon.
You worshipped Trog.
Trog was most pleased with you.
You visited 2 branches of the dungeon, and saw 15 of its levels.

You collected 1264 gold pieces.
You spent 65 gold pieces at shops.


Innate Abilities, Weirdness & Mutations

You have a pair of horns on your head.
You reflexively headbutt those who attack you in melee.


   Skills:
 - Level 13.0 Fighting
 - Level 16.0 Axes
 - Level 2.3 Throwing
 + Level 11.1 Armour
 - Level 5.1 Dodging
 - Level 17.2 Shields


You had 12 spell levels left.
You didn't know any spells.
Your spell library was empty.

Inventory:

Hand Weapons
 o - a +0 morningstar
 Y - a +1 war axe of draining (weapon)
Armour
 g - a +2 pair of gloves (worn)
 i - a +3 plate armour (worn)
 r - a +0 tower shield (worn)
 s - the +3 pair of seven-league boots (worn) {Rampage+∞}
   (You found it on level 3 of the Lair of Beasts)

   Its wearer moves as far as possible in that direction when moving towards
   enemies.
Jewellery
 a - a ring of fire
 h - an amulet of reflection
 n - a ring of see invisible (right hand)
 p - a +6 ring of intelligence (left hand)
Scrolls
 d - 8 scrolls of identify
 k - 5 scrolls of teleportation
Potions
 b - 3 potions of mutation
 e - a potion of haste
 f - 2 potions of brilliance {unknown}
 l - 2 potions of might
 q - a potion of resistance

Dungeon Overview and Level Annotations

Branches:
Dungeon (10/15)            Temple (0/1) D:5            Lair (5/5) D:9
 Shoals (0/4) Lair:3       Spider (0/4) Lair:2        Slime (0/5) Lair:5
    Orc: D:9-12

Altars:
Ashenzari
Dithmenos
Sif Muna
Yredelemnul
The Shining One

Shops:
D:1 ?   D:5 =?((

Annotations:
D:4 1 runed translucent door, Crazy Yiuf
Lair:3 2 runed translucent doors, qw's ghost, journeyman DsCA


Message History

You're too confused to move!
You feel less confused.
You feel sick.
The kobold brigand hits you but does no damage.
You block the yak's attack. The yak gores you but does no damage.
The slime creature hits you but does no damage.
The kobold brigand hits you but does no damage.
You block the yak's attack.
Two slime creatures merge to form a large slime creature.
The slime creature hits you but does no damage.
The yak gores you but does no damage.
18774 ||| READING 6 scrolls of teleportation.
As you read the scroll of teleportation, it crumbles to dust.
You feel strangely unstable.
You feel sick. You block the kobold brigand's attack.
You block the yak's attack. You block the slime creature's attack.
The yak gores you.
You hit the yak but do no damage. You headbutt the yak, but do no damage.
The yak is moderately wounded.
You closely miss the yak. You hit the yak. You completely miss the yak.
You barely miss the slime creature. You closely miss the kobold brigand.
You slash the yak!
You feel sick. The kobold brigand barely misses you. You furiously retaliate!
You headbutt the kobold brigand! The yak gores you but does no damage.
You block the yak's attack.
The yak gores you but does no damage. x3
You block the slime creature's attack.
You closely miss the yak.
The yak is heavily wounded.
You closely miss the yak. You hit the yak. You drain the yak.
You hit the yak but do no damage. You drain the yak.
You hit the yak but do no damage. You barely miss the slime creature.
You barely miss the kobold brigand. You completely miss the yak.
You feel sick.
You are no longer poisoned.
The kobold brigand hits you but does no damage.
The yak gores you but does no damage. You block the yak's attack.
A large slime creature splits.
You block the yak's attack. The yak gores you but does no damage.
The yak gores you. The yak closely misses you. The slime creature hits you!
You die...

#. .... #.# ## ....
###.# .# #. .....
##...###.###.. ....
##.?)?......<.. ....
#.)###?........ ....
#.|#8#JJ....... ...#
#.!###YKY...... ##.#
#..[..Y@Y......# #.#
#.....JYY......# ##.#
##..)..........######...
#...###..###....#......
#...# #.........#......
#...# #.#............).
#..?###................
#...##...........<.[)%.
######.................


You could see an orange crystal statue, 3 slime creatures, 6 yaks and a kobold
brigand (summoned).

Vanquished Creatures
  Gastronok (Lair:1)
  Snorg (Lair:5)
  Harold (D:9)
  A hydra (Lair:5)
  A boulder beetle (Lair:3)
  2 catoblepae (Lair:4)
  4 death yaks
  A two-headed ogre (D:8)
  An ugly thing (D:9)
  5 elephants (Lair:5)
  9 black mambas
  A guardian serpent (Lair:3)
  A torpor snail (Lair:4)
  7 cane toads
  A kobold demonologist (D:10)
  2 ice devils (Lair:1)
  6 komodo dragons
  2 rime drakes
  2 polar bears (Lair:5)
  10 blink frogs
  6 hornets
  9 dream sheep
  Sigmund (D:4)
  10 spriggans (Lair:5)
  2 wyverns
  53 yaks
  2 wraiths
  Eustachio (D:5)
  3 basilisks
  2 steam dragons
  Menkaure (D:4)
  2 acid dragons
  16 water moccasins
  5 orc warriors
  An ice beast (D:5)
  3 sky beasts
  9 black bears
  3 centaurs
  3 boggarts (Lair:5)
  19 wolves (Lair:5)
  2 kobold brigands
  A gnoll sergeant (D:5)
  14 bullfrogs
  A necrophage (D:6)
  A scorpion (D:5)
  4 wights
  12 killer bees
  An electric eel (D:6)
  5 howler monkeys
  6 jellies
  10 orc priests
  A hound (D:6)
  A gnoll bouda (D:4)
  5 iguanas
  18 orc wizards
  Ijyb (D:4)
  10 gnolls
  7 adders
  2 worms
  39 orcs
  9 ball pythons
  9 endoplasms
  2 giant cockroaches
  8 goblins
  13 hobgoblins
  5 quokkas
  3 bats
  4 frilled lizards
  14 kobolds
  4 rats
422 creatures vanquished.

Vanquished Creatures (collateral kills)
  A hydra (Lair:4)
  A hornet (Lair:5)
  2 spriggans (Lair:5)
  A boggart (Lair:5)
  A wolf (Lair:5)
6 creatures vanquished.

Vanquished Creatures (others)
  49 fungi
  51 plants
100 creatures vanquished.

Grand Total: 528 creatures vanquished

Notes
Turn   | Place    | Note
-------+----------+-------------------------------------------
     0 | D:1      | qw the Minotaur Berserker began the quest for the Orb.
     0 | D:1      | Reached XP level 1. HP: 19/19 MP: 0/0
     0 | D:1      | 0 ||| qw: Version: 0.1-a-113-g051387a
     0 | D:1      | 0 ||| qw: Game counter: 7338
     0 | D:1      | 0 ||| qw: Always use a shield: true
     0 | D:1      | 0 ||| qw: Do Orc after D:15 true
     0 | D:1      | 0 ||| qw: Do second Lair branch before Depths: true
     0 | D:1      | 0 ||| qw: Lair rune preference: random
     0 | D:1      | 0 ||| qw: Plans: Normal
     0 | D:1      | 0 ||| PLANNING D:1-11
    43 | D:1      | 43 ||| Stepping ~*~*~tactically~*~*~ (stealth).
    47 | D:1      | 47 ||| Stepping ~*~*~tactically~*~*~ (stealth).
    53 | D:1      | 53 ||| Stepping ~*~*~tactically~*~*~ (stealth).
   106 | D:1      | 106 ||| Stepping ~*~*~tactically~*~*~ (stealth).
   108 | D:1      | 108 ||| Stepping ~*~*~tactically~*~*~ (stealth).
   111 | D:1      | Reached XP level 2. HP: 25/26 MP: 1/1
   437 | D:1      | Found Fikuiroi's Magic Scroll Shop.
   441 | D:1      | 441 ||| UPGRADING to +0 leather armour.
   526 | D:1      | 526 ||| DROPPING +0 animal skin.
   531 | D:1      | 531 ||| SHOPLISTING scroll of identify (26 gold, have 11).
   531 | D:1      | 531 ||| SHOPLISTING scroll of teleportation (39 gold, have
                  | 11).
   748 | D:1      | 748 ||| UPGRADING to +0 chain mail.
   758 | D:1      | 758 ||| DROPPING +0 leather armour.
   786 | D:1      | Reached ** piety under Trog
   966 | D:1      | 966 ||| Stepping ~*~*~tactically~*~*~ (stealth).
  1015 | D:1      | 1015 ||| DROPPING +0 club.
  1048 | D:1      | Reached XP level 3. HP: 31/31 MP: 2/2
  1179 | D:1      | 1179 ||| READING scroll labelled MUEB TYSIYNIA.
  1201 | D:2      | Found a faded altar of an unknown god.
  1494 | D:2      | 1494 ||| INVOKING Berserk.
  1612 | D:2      | 1612 ||| UPGRADING to +0 kite shield.
  1617 | D:2      | 1617 ||| READING scroll labelled VANIHI JODOQO.
  1618 | D:2      | 1618 ||| READING scroll labelled VACEAJ TUSIMM.
  1619 | D:2      | 1619 ||| READING scroll labelled UFITIBE KUISI.
  1623 | D:2      | 1623 ||| READING scroll labelled JOVUOM DUETA.
  1624 | D:2      | 1624 ||| READING 2 scrolls of identify.
  1624 | D:2      | 1624 ||| IDENTIFYING fizzy green potion
  1663 | D:3      | 1663 ||| Stepping ~*~*~tactically~*~*~ (stealth).
  1720 | D:3      | 1720 ||| Stepping ~*~*~tactically~*~*~ (stealth).
  1728 | D:3      | 1728 ||| Stepping ~*~*~tactically~*~*~ (stealth).
  1734 | D:3      | Reached skill level 1 in Shields
  1948 | D:3      | Reached XP level 4. HP: 38/39 MP: 3/3
  2108 | D:3      | 2108 ||| READING scroll of enchant weapon.
  2108 | D:3      | 2108 ||| ENCHANTING +1 hand axe.
  2251 | D:3      | 2251 ||| Stepping ~*~*~tactically~*~*~ (stealth).
  2255 | D:3      | 2255 ||| INVOKING Berserk.
  2259 | D:3      | Reached skill level 2 in Shields
  2386 | D:3      | 2386 ||| Stepping ~*~*~tactically~*~*~ (hiding).
  2389 | D:3      | 2389 ||| Stepping ~*~*~tactically~*~*~ (hiding).
  2392 | D:3      | 2392 ||| Stepping ~*~*~tactically~*~*~ (hiding).
  2399 | D:3      | Reached skill level 3 in Shields
  2511 | D:3      | 2511 ||| UPGRADING to +2 pair of gloves.
  2516 | D:3      | 2516 ||| UPGRADING to +0 plate armour.
  2526 | D:3      | 2526 ||| DROPPING +0 chain mail.
  2527 | D:3      | 2527 ||| READING scroll labelled WANO SEISEHE.
  2528 | D:3      | 2528 ||| READING 5 scrolls of identify.
  2528 | D:3      | 2528 ||| IDENTIFYING fuming ruby potion
  2529 | D:3      | 2529 ||| READING 4 scrolls of identify.
  2529 | D:3      | 2529 ||| IDENTIFYING green potion
  2530 | D:3      | 2530 ||| READING 3 scrolls of identify.
  2530 | D:3      | 2530 ||| IDENTIFYING blue potion
  2531 | D:3      | 2531 ||| READING 2 scrolls of identify.
  2531 | D:3      | 2531 ||| IDENTIFYING fuming amethyst potion
  2532 | D:3      | 2532 ||| DROPPING potion of ambrosia.
  2533 | D:3      | 2533 ||| DROPPING potion of lignification.
  2534 | D:3      | 2534 ||| DROPPING potion of flight.
  2599 | D:4      | Reached *** piety under Trog
  2657 | D:4      | 2657 ||| Stepping ~*~*~tactically~*~*~ (stealth).
  2660 | D:4      | 2660 ||| Stepping ~*~*~tactically~*~*~ (stealth).
  2682 | D:4      | Noticed Sigmund
  2685 | D:4      | 2685 ||| INVOKING Berserk.
  2687 | D:4      | Killed Sigmund
  2688 | D:4      | Reached skill level 5 in Shields
  2688 | D:4      | Reached XP level 5. HP: 45/45 MP: 4/4
  2688 | D:4      | Reached XP level 6. HP: 51/51 MP: 5/5
  2831 | D:4      | Noticed Menkaure
  2832 | D:4      | 2832 ||| Stepping ~*~*~tactically~*~*~ (hiding).
  2837 | D:4      | 2837 ||| INVOKING Berserk.
  2840 | D:4      | Killed Menkaure
  2841 | D:4      | Reached skill level 6 in Axes
  3008 | D:4      | 3008 ||| Stepping ~*~*~tactically~*~*~ (hiding).
  3015 | D:4      | 3015 ||| INVOKING Berserk.
  3025 | D:4      | Reached skill level 3 in Armour
  3307 | D:4      | 3307 ||| INVOKING Berserk.
  3309 | D:4      | Reached XP level 7. HP: 59/59 MP: 6/6
  3594 | D:4      | Noticed Ijyb
  3595 | D:4      | 3595 ||| Stepping ~*~*~tactically~*~*~ (hiding).
  3596 | D:4      | 3596 ||| Stepping ~*~*~tactically~*~*~ (hiding).
  3598 | D:4      | 3598 ||| INVOKING Berserk.
  3601 | D:4      | Killed Ijyb
  3658 | D:4      | 3658 ||| Stepping ~*~*~tactically~*~*~ (stealth).
  3659 | D:4      | 3659 ||| Stepping ~*~*~tactically~*~*~ (stealth).
  3660 | D:4      | 3660 ||| Stepping ~*~*~tactically~*~*~ (stealth).
  3678 | D:4      | 3678 ||| Stepping ~*~*~tactically~*~*~ (stealth).
  3722 | D:4      | Found a runed translucent door.
  3723 | D:4      | Noticed Crazy Yiuf
  3775 | D:4      | 3775 ||| Stepping ~*~*~tactically~*~*~ (stealth).
  3776 | D:4      | 3776 ||| Stepping ~*~*~tactically~*~*~ (stealth).
  3817 | D:4      | 3817 ||| UPGRADING to +0 pair of boots.
  3822 | D:4      | 3822 ||| READING 2 scrolls labelled ITUABO VYUDUAB.
  3823 | D:4      | 3823 ||| READING scroll labelled SALESTRO KETWI.
  3824 | D:4      | 3824 ||| READING scroll labelled VUS TIOLOTH.
  3825 | D:4      | 3825 ||| READING 3 scrolls of identify.
  3825 | D:4      | 3825 ||| IDENTIFYING pink potion
  3826 | D:4      | 3826 ||| DROPPING scroll of magic mapping.
  3847 | D:5      | Entered Level 5 of the Dungeon
  3847 | D:5      | Found Yrchetez's Magic Scroll Shoppe.
  3848 | D:5      | 3848 ||| STAIRDANCE
  3918 | D:5      | 3918 ||| STAIRDANCE
  3920 | D:4      | 3920 ||| INVOKING Berserk.
  4098 | D:5      | 4098 ||| STAIRDANCE
  4164 | D:5      | 4164 ||| STAIRDANCE
  4208 | D:5      | 4208 ||| STAIRDANCE
  4294 | D:5      | Found Next's Jewellery Shoppe.
  4297 | D:5      | 4297 ||| SHOPLISTING scroll of acquirement (676 gold, have
                  | 186).
  4297 | D:5      | 4297 ||| BUYING scroll of identify (26 gold).
  4297 | D:5      | Bought a scroll of identify for 26 gold pieces
  4297 | D:5      | 4297 ||| BUYING scroll of teleportation (39 gold).
  4297 | D:5      | Bought a scroll of teleportation for 39 gold pieces
  4316 | D:5      | 4316 ||| SHOPLISTING amulet of guardian spirit (390 gold,
                  | have 137).
  4316 | D:5      | 4316 ||| SHOPLISTING amulet of reflection (390 gold, have
                  | 137).
  4316 | D:5      | 4316 ||| SHOPLISTING amulet of regeneration (390 gold, have
                  | 137).
  4316 | D:5      | 4316 ||| SHOPLISTING ring of see invisible (195 gold, have
                  | 137).
  4375 | D:5      | Noticed Eustachio
  4381 | D:5      | 4381 ||| INVOKING Berserk.
  4396 | D:5      | Killed Eustachio
  4397 | D:5      | Reached skill level 6 in Shields
  4585 | D:5      | Found Ofipteik's Weapon Shop.
  4594 | D:5      | 4594 ||| SHOPLISTING +4 mace (325 gold, have 161).
  4608 | D:5      | Identified the +0 ring mail of Sin {*Corrode Fly Int+7}
  4634 | D:5      | Found a staircase to the Ecumenical Temple.
  4668 | D:5      | 4668 ||| Stepping ~*~*~tactically~*~*~ (stealth).
  4690 | D:5      | 4690 ||| Stepping ~*~*~tactically~*~*~ (stealth).
  4691 | D:5      | 4691 ||| Stepping ~*~*~tactically~*~*~ (stealth).
  4695 | D:5      | 4695 ||| Stepping ~*~*~tactically~*~*~ (stealth).
  4759 | D:5      | 4759 ||| Stepping ~*~*~tactically~*~*~ (hiding).
  4778 | D:5      | Reached skill level 9 in Axes
  4778 | D:5      | Reached XP level 8. HP: 66/66 MP: 7/7
  4784 | D:5      | 4784 ||| DROPPING +0 whip.
  4789 | D:5      | 4789 ||| Stepping ~*~*~tactically~*~*~ (stealth).
  4953 | D:5      | Found Teetsupa's Weapon Boutique.
  4963 | D:5      | 4963 ||| READING 4 scrolls of identify.
  4963 | D:5      | 4963 ||| IDENTIFYING fuming orange potion
  5094 | D:6      | 5094 ||| INVOKING Berserk.
  5306 | D:6      | Reached skill level 7 in Shields
  5397 | D:6      | 5397 ||| INVOKING Berserk.
  5604 | D:6      | 5604 ||| INVOKING Berserk.
  5608 | D:6      | Reached skill level 1 in Throwing
  5756 | D:6      | 5756 ||| INVOKING Berserk.
  6117 | D:6      | Found a basalt altar of Yredelemnul.
  6120 | D:6      | Found a shadowy altar of Dithmenos.
  6120 | D:6      | Found a glowing golden altar of the Shining One.
  6151 | D:6      | Found a shimmering blue altar of Sif Muna.
  6155 | D:6      | Found a broken altar of Ashenzari.
  6257 | D:6      | 6257 ||| FLEEEEING.
  6258 | D:6      | 6258 ||| FLEEEEING.
  6319 | D:6      | 6319 ||| FLEEEEING.
  6320 | D:6      | 6320 ||| FLEEEEING.
  6321 | D:6      | 6321 ||| FLEEEEING.
  6322 | D:6      | 6322 ||| FLEEEEING.
  6323 | D:6      | 6323 ||| FLEEEEING.
  6324 | D:6      | 6324 ||| FLEEEEING.
  6426 | D:6      | 6426 ||| INVOKING Berserk.
  6431 | D:6      | Reached skill level 6 in Fighting
  6567 | D:6      | 6567 ||| READING scroll labelled TAEF VAURILLY.
  6594 | D:7      | Reached **** piety under Trog
  6803 | D:7      | Reached XP level 9. HP: 71/75 MP: 8/8
  7146 | D:7      | 7146 ||| Stepping ~*~*~tactically~*~*~ (hiding).
  7153 | D:7      | 7153 ||| Stepping ~*~*~tactically~*~*~ (hiding).
  7201 | D:7      | 7201 ||| DROPPING +0 flail.
  7211 | D:7      | Reached skill level 8 in Shields
  7333 | D:7      | 7333 ||| Stepping ~*~*~tactically~*~*~ (stealth).
  7335 | D:7      | 7335 ||| Stepping ~*~*~tactically~*~*~ (hiding).
  7381 | D:7      | 7381 ||| Stepping ~*~*~tactically~*~*~ (stealth).
  7483 | D:7      | 7483 ||| INVOKING Berserk.
  7624 | D:7      | 7624 ||| Stepping ~*~*~tactically~*~*~ (hiding).
  7628 | D:7      | 7628 ||| Stepping ~*~*~tactically~*~*~ (stealth).
  7629 | D:7      | 7629 ||| Stepping ~*~*~tactically~*~*~ (stealth).
  7632 | D:7      | 7632 ||| INVOKING Berserk.
  7691 | D:7      | 7691 ||| SWAPPING to +0 war axe.
  7692 | D:7      | 7692 ||| DROPPING +2 hand axe of draining.
  7749 | D:7      | 7749 ||| Stepping ~*~*~tactically~*~*~ (stealth).
  7751 | D:7      | 7751 ||| Stepping ~*~*~tactically~*~*~ (hiding).
  7773 | D:7      | Reached skill level 12 in Axes
  8040 | D:7      | 8040 ||| READING 6 scrolls of identify.
  8040 | D:7      | 8040 ||| IDENTIFYING metallic pink potion
  8041 | D:7      | 8041 ||| DROPPING potion of attraction.
  8116 | D:8      | Found a flagged portal.
  8183 | D:8      | 8183 ||| Stepping ~*~*~tactically~*~*~ (hiding).
  8184 | D:8      | 8184 ||| Stepping ~*~*~tactically~*~*~ (hiding).
  8292 | D:8      | 8292 ||| READING scroll of enchant armour.
  8292 | D:8      | 8292 ||| ENCHANTING +0 pair of boots.
  8334 | D:8      | Noticed a two-headed ogre
  8336 | D:8      | 8336 ||| FLEEEEING.
  8337 | D:8      | 8337 ||| FLEEEEING.
  8338 | D:8      | 8338 ||| FLEEEEING.
  8339 | D:8      | 8339 ||| FLEEEEING.
  8342 | D:8      | 8342 ||| FLEEEEING.
  8343 | D:8      | 8343 ||| FLEEEEING.
  8344 | D:8      | 8344 ||| FLEEEEING.
  8346 | D:8      | 8346 ||| FLEEEEING.
  8350 | D:8      | 8350 ||| FLEEEEING.
  8360 | D:8      | 8360 ||| FLEEEEING.
  8361 | D:8      | 8361 ||| FLEEEEING.
  8370 | D:8      | 8370 ||| INVOKING Berserk.
  8372 | D:8      | Reached skill level 6 in Armour
  8375 | D:8      | Killed a two-headed ogre
  8376 | D:8      | Reached skill level 9 in Shields
  8451 | D:8      | Reached XP level 10. HP: 54/86 MP: 9/9
  8454 | D:8      | 8454 ||| FLEEEEING.
  8455 | D:8      | 8455 ||| FLEEEEING.
  8456 | D:8      | 8456 ||| FLEEEEING.
  8457 | D:8      | 8457 ||| FLEEEEING.
  8458 | D:8      | 8458 ||| FLEEEEING.
  8459 | D:8      | 8459 ||| FLEEEEING.
  8460 | D:8      | 8460 ||| FLEEEEING.
  8461 | D:8      | 8461 ||| FLEEEEING.
  8462 | D:8      | 8462 ||| FLEEEEING.
  8463 | D:8      | 8463 ||| FLEEEEING.
  8464 | D:8      | 8464 ||| FLEEEEING.
  8465 | D:8      | 8465 ||| FLEEEEING.
  8466 | D:8      | 8466 ||| FLEEEEING.
  8467 | D:8      | 8467 ||| FLEEEEING.
  8607 | D:8      | 8607 ||| Stepping ~*~*~tactically~*~*~ (hiding).
  8656 | D:8      | 8656 ||| DROPPING +0 hand axe of electrocution.
  8695 | D:8      | 8695 ||| READING scroll of brand weapon.
  8695 | D:8      | 8695 ||| BRANDING +0 war axe.
  8748 | D:8      | 8748 ||| INVOKING Berserk.
  8942 | D:8      | 8942 ||| READING scroll of enchant armour.
  8942 | D:8      | 8942 ||| ENCHANTING +1 pair of boots.
  8954 | D:8      | 8954 ||| Stepping ~*~*~tactically~*~*~ (stealth).
  8963 | D:8      | 8963 ||| Stepping ~*~*~tactically~*~*~ (stealth).
  9172 | D:8      | 9172 ||| UPGRADING to +6 ring of intelligence.
  9173 | D:8      | 9173 ||| READING 7 scrolls of identify.
  9173 | D:8      | 9173 ||| IDENTIFYING lumpy silvery potion
  9174 | D:8      | 9174 ||| DROPPING potion of berserk rage.
  9208 | D:9      | 9208 ||| Stepping ~*~*~tactically~*~*~ (stealth).
  9222 | D:9      | 9222 ||| INVOKING Berserk.
  9242 | D:9      | 9242 ||| FLEEEEING.
  9243 | D:9      | 9243 ||| FLEEEEING.
  9244 | D:9      | 9244 ||| FLEEEEING.
  9245 | D:9      | 9245 ||| FLEEEEING.
  9247 | D:9      | 9247 ||| FLEEEEING.
  9249 | D:9      | 9249 ||| FLEEEEING.
  9250 | D:9      | 9250 ||| STAIRDANCE
  9350 | D:9      | Found a staircase to the Lair.
  9351 | D:9      | 9351 ||| INVOKING Berserk.
  9506 | D:9      | 9506 ||| READING scroll of enchant armour.
  9506 | D:9      | 9506 ||| ENCHANTING +0 plate armour.
  9515 | D:9      | 9515 ||| Stepping ~*~*~tactically~*~*~ (stealth).
  9554 | D:9      | 9554 ||| Stepping ~*~*~tactically~*~*~ (stealth).
  9555 | D:9      | 9555 ||| Stepping ~*~*~tactically~*~*~ (stealth).
  9641 | D:9      | 9641 ||| INVOKING Berserk.
  9790 | D:9      | 9790 ||| Stepping ~*~*~tactically~*~*~ (hiding).
  9793 | D:9      | 9793 ||| Stepping ~*~*~tactically~*~*~ (hiding).
  9794 | D:9      | 9794 ||| Stepping ~*~*~tactically~*~*~ (hiding).
  9811 | D:9      | 9811 ||| Stepping ~*~*~tactically~*~*~ (stealth).
  9863 | D:9      | Noticed Harold
  9864 | D:9      | 9864 ||| Stepping ~*~*~tactically~*~*~ (hiding).
  9867 | D:9      | 9867 ||| INVOKING Berserk.
  9872 | D:9      | Killed Harold
 10037 | D:9      | 10037 ||| FLEEEEING.
 10039 | D:9      | 10039 ||| FLEEEEING.
 10040 | D:9      | 10040 ||| FLEEEEING.
 10041 | D:9      | 10041 ||| FLEEEEING.
 10042 | D:9      | 10042 ||| FLEEEEING.
 10043 | D:9      | 10043 ||| FLEEEEING.
 10044 | D:9      | 10044 ||| FLEEEEING.
 10045 | D:9      | 10045 ||| FLEEEEING.
 10046 | D:9      | 10046 ||| FLEEEEING.
 10047 | D:9      | 10047 ||| FLEEEEING.
 10048 | D:9      | 10048 ||| STAIRDANCE
 10197 | D:8      | 10197 ||| READING scroll labelled NENEOX KIFANE.
 10198 | D:8      | 10198 ||| READING 6 scrolls of identify.
 10198 | D:8      | 10198 ||| IDENTIFYING fuming purple potion
 10201 | D:9      | 10201 ||| STAIRDANCE
 10387 | D:9      | Noticed a purple ugly thing
 10400 | D:9      | Killed a purple ugly thing
 10401 | D:9      | Reached skill level 10 in Shields
 10608 | D:9      | 10608 ||| Stepping ~*~*~tactically~*~*~ (hiding).
 10613 | D:9      | 10613 ||| INVOKING Berserk.
 10726 | D:9      | 10726 ||| PLANNING LAIR
 10754 | Lair:1   | Entered Level 1 of the Lair of Beasts
 10770 | Lair:1   | Noticed Gastronok
 10774 | Lair:1   | 10774 ||| INVOKING Berserk.
 10781 | Lair:1   | Killed Gastronok
 10782 | Lair:1   | Reached XP level 11. HP: 94/94 MP: 10/10
 10784 | Lair:1   | Reached skill level 15 in Axes
 10899 | Lair:1   | 10899 ||| INVOKING Berserk.
 10903 | Lair:1   | Reached skill level 9 in Fighting
 11092 | Lair:1   | Found the +2 Maxwell's thermic engine {flame, freeze}
 11225 | Lair:1   | 11225 ||| INVOKING Berserk.
 11345 | Lair:1   | 11345 ||| INVOKING Berserk.
 11743 | Lair:1   | 11743 ||| INVOKING Berserk.
 12269 | Lair:2   | Found a hole to the Spider Nest.
 12282 | Lair:2   | 12282 ||| INVOKING Berserk.
 12300 | Lair:2   | 12300 ||| FLEEEEING.
 12303 | Lair:2   | 12303 ||| FLEEEEING.
 12311 | Lair:2   | 12311 ||| FLEEEEING.
 12315 | Lair:2   | Reached skill level 3 in Dodging
 12689 | Lair:2   | 12689 ||| Stepping ~*~*~tactically~*~*~ (stealth).
 12691 | Lair:2   | 12691 ||| Stepping ~*~*~tactically~*~*~ (stealth).
 12851 | Lair:2   | 12851 ||| DROPPING amulet of faith.
 12852 | Lair:2   | 12852 ||| READING scroll labelled ASINEM YHIMEI.
 12853 | Lair:2   | 12853 ||| READING scroll labelled WIYGOS ELEASEM.
 12854 | Lair:2   | 12854 ||| READING 8 scrolls of identify.
 12854 | Lair:2   | 12854 ||| IDENTIFYING lumpy red potion
 13138 | Lair:3   | 13138 ||| INVOKING Berserk.
 13320 | Lair:3   | Found a staircase to the Shoals.
 13376 | Lair:3   | Found a large runed translucent door.
 13376 | Lair:3   | Found a large runed translucent door.
 13484 | Lair:3   | Noticed qw's ghost (journeyman DsCA)
 13663 | Lair:3   | Noticed a boulder beetle
 13677 | Lair:3   | 13677 ||| INVOKING Berserk.
 13686 | Lair:3   | Killed a boulder beetle
 13841 | Lair:3   | Found the +3 pair of seven-league boots {Rampage+∞}
 13842 | Lair:3   | 13842 ||| Stepping ~*~*~tactically~*~*~ (hiding).
 13853 | Lair:3   | Reached skill level 9 in Armour
 14021 | Lair:3   | 14021 ||| UPGRADING to +0 tower shield.
 14031 | Lair:3   | 14031 ||| DROPPING +0 kite shield.
 14032 | Lair:3   | 14032 ||| UPGRADING to +3 pair of seven-league boots
                  | {Rampage+∞}.
 14042 | Lair:3   | 14042 ||| DROPPING +2 pair of boots.
 14043 | Lair:3   | 14043 ||| READING scroll labelled ZACOEXI JADOFO.
 14144 | Lair:3   | 14144 ||| READING 7 scrolls of identify.
 14144 | Lair:3   | 14144 ||| IDENTIFYING bubbling inky potion
 14175 | Lair:4   | 14175 ||| Stepping ~*~*~tactically~*~*~ (stealth).
 14176 | Lair:4   | 14176 ||| INVOKING Berserk.
 14178 | Lair:4   | Reached skill level 11 in Shields
 14182 | Lair:4   | Reached XP level 12. HP: 106/106 MP: 11/11
 14260 | Lair:4   | 14260 ||| Stepping ~*~*~tactically~*~*~ (stealth).
 14315 | Lair:4   | 14315 ||| Stepping ~*~*~tactically~*~*~ (stealth).
 14318 | Lair:4   | Noticed a catoblepas
 14318 | Lair:4   | 14318 ||| Stepping ~*~*~tactically~*~*~ (stealth).
 14320 | Lair:4   | 14320 ||| Stepping ~*~*~tactically~*~*~ (stealth).
 14331 | Lair:4   | 14331 ||| Stepping ~*~*~tactically~*~*~ (cloud).
 14332 | Lair:4   | 14332 ||| Stepping ~*~*~tactically~*~*~ (cloud).
 14333 | Lair:4   | 14333 ||| Stepping ~*~*~tactically~*~*~ (cloud).
 14336 | Lair:4   | 14336 ||| INVOKING Berserk.
 14348 | Lair:4   | Killed a catoblepas
 14349 | Lair:4   | Reached skill level 12 in Shields
 14648 | Lair:4   | Identified the +3 leather armour of the Equinox {rElec}
 14711 | Lair:4   | 14711 ||| Stepping ~*~*~tactically~*~*~ (stealth).
 14718 | Lair:4   | 14718 ||| Stepping ~*~*~tactically~*~*~ (stealth).
 14725 | Lair:4   | 14725 ||| Stepping ~*~*~tactically~*~*~ (stealth).
 14733 | Lair:4   | Reached skill level 13 in Shields
 14798 | Lair:4   | 14798 ||| READING scroll of enchant armour.
 14798 | Lair:4   | 14798 ||| ENCHANTING +1 plate armour.
 15113 | Lair:4   | 15113 ||| Stepping ~*~*~tactically~*~*~ (hiding).
 15114 | Lair:4   | 15114 ||| Stepping ~*~*~tactically~*~*~ (hiding).
 15156 | Lair:4   | 15156 ||| READING scroll of enchant armour.
 15156 | Lair:4   | 15156 ||| ENCHANTING +2 plate armour.
 15307 | Lair:4   | 15307 ||| Stepping ~*~*~tactically~*~*~ (stealth).
 15308 | Lair:4   | 15308 ||| Stepping ~*~*~tactically~*~*~ (stealth).
 15322 | Lair:4   | Noticed a death yak
 15329 | Lair:4   | Noticed a catoblepas
 15329 | Lair:4   | 15329 ||| INVOKING Berserk.
 15332 | Lair:4   | Killed a death yak
 15333 | Lair:4   | Reached skill level 14 in Shields
 15349 | Lair:4   | 15349 ||| DRINKING potion of cancellation.
 15362 | Lair:4   | 15362 ||| Stepping ~*~*~tactically~*~*~ (cloud).
 15379 | Lair:4   | 15379 ||| Stepping ~*~*~tactically~*~*~ (cloud).
 15380 | Lair:4   | 15380 ||| Stepping ~*~*~tactically~*~*~ (cloud).
 15382 | Lair:4   | 15382 ||| Stepping ~*~*~tactically~*~*~ (cloud).
 15384 | Lair:4   | 15384 ||| Stepping ~*~*~tactically~*~*~ (cloud).
 15387 | Lair:4   | Killed a catoblepas
 15407 | Lair:4   | 15407 ||| INVOKING Berserk.
 15425 | Lair:4   | Reached skill level 15 in Shields
 15425 | Lair:4   | HP: 36/159 [yak (7)]
 15427 | Lair:4   | 15427 ||| READING 7 scrolls of teleportation.
 15428 | Lair:4   | 15428 ||| DRINKING potion of heal wounds.
 15509 | Lair:4   | 15509 ||| INVOKING Berserk.
 15899 | Lair:4   | 15899 ||| UPGRADING to ring of see invisible.
 15900 | Lair:4   | 15900 ||| READING scroll labelled QINTA ZUFAI.
 15901 | Lair:4   | 15901 ||| READING 9 scrolls of identify.
 15901 | Lair:4   | 15901 ||| IDENTIFYING lumpy inky potion
 15902 | Lair:4   | 15902 ||| DROPPING potion of magic.
 15903 | Lair:4   | 15903 ||| READING 6 scrolls of teleportation.
 15928 | Lair:5   | Entered Level 5 of the Lair of Beasts
 15930 | Lair:5   | 15930 ||| STAIRDANCE
 15930 | Lair:5   | Noticed a seven-headed hydra
 15937 | Lair:5   | 15937 ||| STAIRDANCE
 16048 | Lair:5   | 16048 ||| STAIRDANCE
 16050 | Lair:4   | 16050 ||| INVOKING Brothers in Arms.
 16051 | Lair:4   | 16051 ||| SWAPPING to +0 morningstar.
 16052 | Lair:4   | 16052 ||| INVOKING Berserk.
 16053 | Lair:4   | Killed a seven-headed hydra
 16172 | Lair:4   | 16172 ||| SWAPPING to +0 war axe of draining.
 16175 | Lair:5   | 16175 ||| STAIRDANCE
 16235 | Lair:5   | 16235 ||| STAIRDANCE
 16253 | Lair:5   | 16253 ||| STAIRDANCE
 16277 | Lair:5   | 16277 ||| READING scroll of enchant weapon.
 16277 | Lair:5   | 16277 ||| ENCHANTING +0 war axe of draining.
 16297 | Lair:5   | Reached XP level 13. HP: 107/116 MP: 12/12
 16297 | Lair:5   | 16297 ||| INVOKING Berserk.
 16364 | Lair:5   | 16364 ||| INVOKING Berserk.
 16393 | Lair:5   | 16393 ||| Stepping ~*~*~tactically~*~*~ (stealth).
 16478 | Lair:5   | 16478 ||| INVOKING Brothers in Arms.
 16479 | Lair:5   | 16479 ||| INVOKING Brothers in Arms.
 16480 | Lair:5   | 16480 ||| SWAPPING to +0 morningstar.
 16481 | Lair:5   | 16481 ||| INVOKING Berserk.
 16490 | Lair:5   | 16490 ||| SWAPPING to +1 war axe of draining.
 16542 | Lair:5   | 16542 ||| Stepping ~*~*~tactically~*~*~ (stealth).
 16551 | Lair:5   | 16551 ||| INVOKING Berserk.
 16714 | Lair:5   | Reached skill level 16 in Shields
 16741 | Lair:5   | Found a staircase to the Slime Pits.
 16835 | Lair:5   | 16835 ||| INVOKING Berserk.
 16868 | Lair:5   | Reached skill level 12 in Fighting
 16897 | Lair:5   | Reached ***** piety under Trog
 16913 | Lair:5   | 16913 ||| Stepping ~*~*~tactically~*~*~ (stealth).
 16915 | Lair:5   | 16915 ||| Stepping ~*~*~tactically~*~*~ (stealth).
 17230 | Lair:5   | Noticed Snorg
 17231 | Lair:5   | 17231 ||| INVOKING Brothers in Arms.
 17234 | Lair:5   | 17234 ||| INVOKING Berserk.
 17237 | Lair:5   | Killed Snorg
 17238 | Lair:5   | Reached skill level 17 in Shields
 17366 | Lair:5   | 17366 ||| Stepping ~*~*~tactically~*~*~ (stealth).
 17404 | Lair:5   | 17404 ||| INVOKING Berserk.
 17419 | Lair:5   | 17419 ||| Stepping ~*~*~tactically~*~*~ (stealth).
 17530 | Lair:5   | 17530 ||| Stepping ~*~*~tactically~*~*~ (stealth).
 17619 | Lair:5   | 17619 ||| Stepping ~*~*~tactically~*~*~ (stealth).
 17624 | Lair:5   | 17624 ||| Stepping ~*~*~tactically~*~*~ (hiding).
 17626 | Lair:5   | 17626 ||| INVOKING Berserk.
 17643 | Lair:5   | 17643 ||| Stepping ~*~*~tactically~*~*~ (stealth).
 17855 | Lair:5   | 17855 ||| Stepping ~*~*~tactically~*~*~ (stealth).
 17857 | Lair:5   | 17857 ||| INVOKING Brothers in Arms.
 17955 | Lair:5   | 17955 ||| PLANNING D:1-11
 17955 | Lair:5   | 17955 ||| READING 9 scrolls of identify.
 17955 | Lair:5   | 17955 ||| IDENTIFYING red potion
 17956 | Lair:5   | 17956 ||| DROPPING potion of degeneration.
 18126 | D:10     | Entered Level 10 of the Dungeon
 18188 | D:10     | 18188 ||| Stepping ~*~*~tactically~*~*~ (stealth).
 18190 | D:10     | 18190 ||| Stepping ~*~*~tactically~*~*~ (stealth).
 18214 | D:10     | 18214 ||| Stepping ~*~*~tactically~*~*~ (stealth).
 18215 | D:10     | 18215 ||| Stepping ~*~*~tactically~*~*~ (hiding).
 18217 | D:10     | 18217 ||| Stepping ~*~*~tactically~*~*~ (hiding).
 18220 | D:10     | 18220 ||| Stepping ~*~*~tactically~*~*~ (hiding).
 18259 | D:10     | 18259 ||| Stepping ~*~*~tactically~*~*~ (stealth).
 18295 | D:10     | 18295 ||| INVOKING Berserk.
 18638 | D:10     | 18638 ||| INVOKING Brothers in Arms.
 18639 | D:10     | 18639 ||| INVOKING Brothers in Arms.
 18641 | D:10     | 18641 ||| INVOKING Brothers in Arms.
 18643 | D:10     | 18643 ||| DRINKING 5 potions of curing.
 18643 | D:10     | 18643 ||| (to cure confusion)
 18650 | D:10     | 18650 ||| INVOKING Berserk.
 18659 | D:10     | 18659 ||| DRINKING 4 potions of curing.
 18659 | D:10     | 18659 ||| (to cure confusion)
 18672 | D:10     | 18672 ||| DRINKING 3 potions of curing.
 18672 | D:10     | 18672 ||| (to cure confusion)
 18674 | D:10     | 18674 ||| INVOKING Brothers in Arms.
 18682 | D:10     | 18682 ||| DRINKING 2 potions of curing.
 18682 | D:10     | 18682 ||| (to cure confusion)
 18692 | D:10     | 18692 ||| INVOKING Brothers in Arms.
 18712 | D:10     | 18712 ||| INVOKING Berserk.
 18726 | D:10     | 18726 ||| DRINKING potion of curing.
 18726 | D:10     | 18726 ||| (to cure confusion)
 18732 | D:10     | 18732 ||| INVOKING Brothers in Arms.
 18737 | D:10     | 18737 ||| DROPPING +2 flail of protection.
 18748 | D:10     | HP: 26/122 [polar bear[the player character] (5)]
 18749 | D:10     | 18749 ||| DRINKING potion of heal wounds.
 18763 | D:10     | 18763 ||| INVOKING Berserk.
 18772 | D:10     | HP: 30/122 [poisoned by a kobold brigand]
 18774 | D:10     | 18774 ||| READING 6 scrolls of teleportation.
 18776 | D:10     | HP: 10/122 [yak[an orange crystal statue] (6)]
 18776 | D:10     | Slain by a slime creature

Levels and vault maps discovered:
D:1:      nicolae_arrival_somewhat_less_tricky_arrival, layout_loops_ring,
          serial_shops, nicolae_square_shop, minmay_cut_off
D:2:      layout_rooms, nicolae_ecumenical_pavilion
D:3:      layout_rooms, minmay_starry_boxes
D:4:      layout_basic, uniq_sigmund, uniq_menkaure, uniq_crazy_yiuf_cottage,
          uniq_ijyb
D:5:      layout_rooms, minmay_temple_entry_antechambers, serial_shops,
          nicolae_lakefront_shop, shop,
          nicolae_shop_competitors_out_of_business, shop, serial_bayou_crossing,
          uniq_eustachio
D:6:      layout_loops_ring, minmay_overflow_temple_star_hex, lightli_minifort
D:7:      layout_loops_corners
D:8:      hangedman_cross_stitches, layout_basic, enter_bailey_6,
          minmay_fractal_squares_diagonal_5
D:9:      layout_long_grid, due_lair_maze_entry_diamond, uniq_harold
D:10:     layout_rooms, minmay_protected_statue
Lair:1:   layout_chaotic_city, portal_ice_cave_demonic_guard, uniq_gastronok
Lair:2:   layout_misc_corridors, spider_nest_entry_web_field,
          chequers_serial_rivers_large_b
Lair:3:   layout_chaotic_city, shoals_dummy_entry, ebering_ghost_disaster_area,
          hellmonk_guarded_unrand_seven_league_boots
Lair:4:   nzn_winding_woodlands_three_and_one
          [nzn_winding_woodlands_5x15_crooked,
          nzn_winding_woodlands_5x15_pockets, nzn_winding_woodlands_5x15_pool,
          nzn_winding_woodlands_center_garden], layout_gridlike,
          infiniplex_staircase_pool_2
Lair:5:   minmay_lair_end_enchanted_forest, layout_hall_layers,
          nicolae_slime_entry_slimehenge, uniq_snorg

Skill      XL: |  1  2  3  4  5  6  7  8  9 10 11 12 13 |
---------------+----------------------------------------+-----
Axes           | 4 5 7 9 10 12 14 16 | 16.0
Shields        | 1 5 6 7 9 10 11 15 17 | 17.2
Armour         | 3 5 6 7 9 11 | 11.1
Fighting       | 4 6 7 8 10 11 13 | 13.0
Throwing       | 1 2 |  2.3
Dodging        | 3 5 |  5.1

Action                   |  1- 3 |  4- 6 |  7- 9 | 10-12 | 13-15 || total
-------------------------+-------+-------+-------+-------+-------++-------
Melee: Hand axe          |   114 |    59 |   222 |       |       ||   395
       Headbutt          |    17 |    12 |    35 |   106 |    80 ||   250
       War axe           |       |       |    54 |   467 |   357 ||   878
       Morningstar       |       |       |       |     9 |     2 ||    11
Throw: Boomerang         |       |       |    31 |    27 |       ||    58
Invok: Berserk           |     1 |     5 |    11 |    20 |    12 ||    49
       Brothers in Arms  |       |       |       |     1 |     8 ||     9
  Use: Scroll            |     6 |     6 |     8 |    18 |     2 ||    40
       Potion            |       |       |       |     2 |     6 ||     8
 Stab: Distracted        |       |       |     1 |       |       ||     1
       Petrified         |       |       |       |     9 |       ||     9
Armor: Animal skin       |     7 |       |       |       |       ||     7
       Chain mail        |    22 |     6 |       |       |       ||    28
       Leather armour    |     1 |       |       |       |       ||     1
       Plate armour      |       |    12 |   141 |   251 |   203 ||   607
Dodge: Dodged            |    41 |    10 |    50 |    77 |    84 ||   262
Block: Kite shield       |     4 |    18 |   115 |   101 |       ||   238
       Tower shield      |       |       |       |   154 |   334 ||   488

Table legend:
 A = Non-vault XP
 B = Vault XP
 C = Vault XP percentage of total XP
 D = Non-vault monster count
 E = Vault monster count
 F = Vault count percentage of total count
                 A         B        C        D         E       F
            +---------+---------+-------+---------+---------+-------
      Total |   37843 |   24969 |  39.8 |     299 |     129 |  30.1
            +---------+---------+-------+---------+---------+-------
        D:1 |      42 |       7 |  14.3 |      26 |       4 |  13.3
        D:2 |      29 |       0 |   0.0 |       8 |       0 |   0.0
        D:3 |      78 |      14 |  15.2 |      13 |       9 |  40.9
        D:4 |     392 |     425 |  52.0 |      28 |       3 |   9.7
        D:5 |     431 |     197 |  31.4 |      10 |       1 |   9.1
        D:6 |     754 |     226 |  23.1 |      20 |       4 |  16.7
        D:7 |    1498 |       0 |   0.0 |      33 |       0 |   0.0
        D:8 |     350 |    2323 |  86.9 |       9 |      19 |  67.9
        D:9 |    1748 |    1962 |  52.9 |      13 |      10 |  43.5
       D:10 |    1818 |       0 |   0.0 |      27 |       0 |   0.0
     Lair:1 |    3426 |    2199 |  39.1 |      13 |       3 |  18.8
     Lair:2 |    2329 |       0 |   0.0 |      11 |       0 |   0.0
     Lair:3 |     998 |    1838 |  64.8 |       5 |       4 |  44.4
     Lair:4 |   10062 |    6109 |  37.8 |      39 |      22 |  36.1
     Lair:5 |   13888 |    9669 |  41.0 |      44 |      50 |  53.2
            +---------+---------+-------+---------+---------+-------
